 Dungeon Crawl Stone Soup version 0.30-a0-800-g7c544603b3 (webtiles) character file.

Game seed: 13175105970277768480

4 browni3141 the Sneak (level 1, 0/16 HPs)
             Began as an Octopode Delver on Feb 21, 2023.
             Killed from afar by an orc wizard (9 damage)
             ... with a magic dart
             ... on level 4 of the Dungeon.
             The game lasted 00:02:13 (230 turns).

browni3141 the Sneak (Octopode Delver)               Turns: 230, Time: 00:02:14

Health: 0/16       AC:  1    Str: 11    XL:     1   Next: 60%
Magic:  1/1        EV: 13    Int: 12    God:
Gold:   17         SH:  0    Dex: 13    Spells: 0/0 levels left

rFire   . . .      SeeInvis .    a - +0 falchion
rCold   . . .      Faith    .    (no shield)
rNeg    . . .      Spirit   .    (helmet restricted)
rPois   .          Reflect  .    (no amulet)
rElec   .          Harm     .    (no ring)
rCorr   .          Rampage  .    (no ring)
Will    .....                    (no ring)
Stlth   +++++                    (no ring)
HPRegen 0.22/turn                (no ring)
MPRegen 0.07/turn                (no ring)
                                 (no ring)
                                 (no ring)

@: no status effects
A: almost no armour, amphibious, 8 rings, camouflage 1, gelatinous body 1,
nimble swimmer 1, tentacles
a: no special abilities


You were on level 4 of the Dungeon.
You visited 1 branch of the dungeon, and saw 3 of its levels.

You collected 17 gold pieces.

Inventory:

Hand Weapons
 a - a +0 falchion (weapon)
Missiles
 j - 5 stones (quivered)
Wands
 f - a wand of digging (2)
Scrolls
 b - a scroll of fog
 c - a scroll of magic mapping
 d - 2 scrolls of fear
 g - a scroll of poison {unknown}
 i - a scroll of identify {unknown}
Potions
 e - a potion of haste
 h - a potion of might {unknown}


   Skills:
 + Level 3.0 Fighting
 + Level 2.1 Long Blades
 + Level 2.1 Dodging
 + Level 6.6 Stealth


You couldn't memorise any spells.
You didn't know any spells.
Your spell library was empty.

Dungeon Overview and Level Annotations

Branches:
Dungeon (6/15)
 Temple: D:4-7

Altars:
Sif Muna

Annotations:
D:4 exclusion: iguana


Innate Abilities, Weirdness & Mutations

You cannot wear most types of armour.
You are amphibious.
You can wear up to eight rings at the same time.
Your skin changes colour to match your surroundings (Stealth+).
Your rubbery body absorbs attacks. (AC +1, EV +1)
You are camouflaged when in or above water. (Stealth+)
You have tentacles for arms and can constrict up to eight enemies at once.


Message History

An orc comes into view. It is wielding a +0 short sword.
Your line of fire to the orc is blocked by a granite statue.
Unknown command.
Unknown command.
You throw a stone.
The stone hits the orc but does no damage.
The orc shouts!
You throw a stone. The stone barely misses the orc.
You barely miss the orc. Your grab misses the orc.
The orc hits you with a +0 short sword. The orc barely misses you.
You hit the orc. Your grab misses the orc. You squeeze the orc.
The orc is heavily wounded.
The orc hits you with a +0 short sword.
You are too injured to fight recklessly!
You barely miss the orc. You grab the orc. You squeeze the orc.
You kill the orc!
Things that are here:
a +0 short sword; a +0 scale mail You enter the deep water.
Found a shimmering blue altar of Sif Muna.
You start resting.
HP restored.
The orc wizard shouts!
You enter the deep water.
The orc wizard shouts!
The orc wizard casts a spell at you. You resist with significant effort.
You enter the deep water.
You enter the deep water.
The orc wizard points at you and mumbles some strange words.
The magic dart hits you!
Ouch! That really hurt!
Aiming: Dig
Press: ? - help, Shift-Dir - straight line A rock wall.
The rock shatters into small pieces.
The orc wizard casts a spell at you. The magic dart hits you!
Ouch! That really hurt!
You die...

#.# ##...# #.# #...#
.. #.#####...# #..
..........# #..
.#.#....#.#### #.#
.#.#....####≈## #.#
.#.'[...##≈≈≈≈≈###.#
.###...##≈≈≈≈≈≈≈#.#
.# #...#≈≈≈o...≈@#
## #.###≈~~####.≈##
# #.8.8.8##..##≈≈# #
#.)....'..._#≈≈# #
##8.8.8##..##≈≈# .
####≈o~####o≈## #
#≈≈≈....≈≈#
##≈≈≈≈≈≈≈##
##≈≈≈≈≈##


You could see 2 orc wizards.

Vanquished Creatures
  An orc (D:4)
  An endoplasm (D:4)
  A ball python (D:4)
3 creatures vanquished.

Notes
Turn   | Place    | Note
-------+----------+-------------------------------------------
     0 | D:5      | browni3141 the Octopode Delver began the quest for the Orb.
     0 | D:5      | Reached XP level 1. HP: 16/16 MP: 1/1
    46 | D:4      | Noticed an iguana
   169 | D:4      | Found a shimmering blue altar of Sif Muna.
   169 | D:4      | Noticed an orc wizard
   198 | D:4      | Noticed an orc wizard
   230 | D:4      | Killed from afar by an orc wizard

Illustrated notes

Levels and vault maps discovered:
D:4:      layout_basic, nicolae_elyvilon_peaceful_grove, kennysheep_slug_shrine,
          kennysheep_orc_sif_temple, minmay_pentomino_pile, uniq_duvessa,
          uniq_sigmund
D:5:      layout_rooms, okawaru_altar_gauntlet_db, minmay_manual_mail
D:6:      layout_basic, lemuel_round_altar, lemuel_flamethrower_2

Action                     || total
---------------------------++-------
  Melee: Falchion          ||     6
         Constrict         ||     2
         Tentacles         ||     2
  Throw: Stone             ||     2
  Evoke: Wand              ||     1
  Dodge: Dodged            ||     4

Table legend: (Time is in decaauts)
 A = Elapsed time spent in this place.
 B = Non-inter-level travel time spent in this place.
 C = Inter-level travel time spent in this place.
 D = Time resting spent in this place.
 E = Time spent auto-exploring this place.
 F = Levels seen in this place.
 G = Mean time per level.
                   A        B        C        D        E       F      G
               +--------+--------+--------+--------+--------+-----+--------+
         Total |    231 |    231 |      0 |     28 |      0 |   3 |   77.0 |
       Dungeon |    231 |    231 |      0 |     28 |      0 |   3 |   77.0 |
               +--------+--------+--------+--------+--------+-----+--------+

Top non-repeatable levels by time:
     D:4: 212 daAuts
     D:5: 17 daAuts
     D:6: 1 daAuts
